 Dungeon Crawl Stone Soup version 0.25.1-8-g42b30a86e7 (webtiles) character file.

Game seed: 3768904042087740972

369 Gabide the Ruffian (level 6, -4/52 HPs)
             Began as a Ghoul Monk on Dec 13, 2020.
             Slain by Menkaure (17 damage)
             ... on level 3 of the Dungeon.
             The game lasted 00:08:19 (3518 turns).

Gabide the Ruffian (Ghoul Monk)                     Turns: 3518, Time: 00:08:20

Health: -4/52      AC:  5    Str: 17    XL:     6   Next: 70%
Magic:  5/5        EV: 12    Int:  5    God:
Gold:   121        SH:  0    Dex: 11    Spells: 5/5 levels left

rFire    . . .     SeeInvis .     - Unarmed
rCold    + . .     Gourm    .   (no shield)
rNeg     + + +     Faith    .   f - +0 ring mail
rPois    ∞         Spirit   .   (no helmet)
rElec    .         Reflect  .   (no cloak)
rCorr    .         Harm     .   (no gloves)
MR       .....                  (no boots)
Stlth    +.........             (no amulet)
HPRegen  0.00/turn              (no ring)
MPRegen  0.09/turn              (no ring)

@: rotting
A: rotting body, claws 1, carnivore, cold resistance 1, negative energy
resistance 3, inhibited regeneration, torment resistance, unbreathing
a: no special abilities


You were on level 3 of the Dungeon.
You were not hungry.

You visited 1 branch of the dungeon, and saw 4 of its levels.

You collected 121 gold pieces.

Inventory:

Missiles
 h - 18 poisoned darts
 l - 4 boomerangs (quivered)
Armour
 d - a +0 scale mail
 f - a +0 ring mail (worn)
 k - a +0 leather armour of cold resistance
Magical Staves
 e - a cursed staff of cold {unknown}
Wands
 a - a wand of polymorph (7)
 o - a wand of random effects (15)
Scrolls
 c - a scroll of amnesia
 m - a scroll of identify {unknown}
 n - 2 scrolls of remove curse
Potions
 g - a potion of resistance {unknown}
 i - 3 potions of mutation {unknown}
 p - a potion of degeneration {unknown}
Comestibles
 b - 6 rations
 j - 6 chunks of flesh


   Skills:
 + Level 3.7 Fighting
 + Level 1.2 Throwing
 + Level 2.2 Armour
 + Level 3.3 Dodging
 - Level 2.3 Stealth
 * Level 6.3 Unarmed Combat


You had 5 spell levels left.
You didn't know any spells.
Your spell library contained the following spells:

 Spells                   Type           Power        Failure   Level  Hunger
 Summon Small Mammal      Summ           #...         67%         1    ##.....
 Call Imp                 Summ           #.......     82%         2    ###....
 Call Canine Familiar     Summ           #.......     96%         3    ####...
 Summon Guardian Golem    Hex/Summ       #.......     96%         3    ####...
 Summon Ice Beast         Ice/Summ       #.......     100%        4    #####..
 Summon Lightning Spire   Summ/Air       #.......     100%        4    #####..


Dungeon Overview and Level Annotations

Branches:
Dungeon (4/15)
 Temple: D:4-7

Altars:
Cheibriados
Dithmenos
Ru
Sif Muna

Annotations:
D:3 Menkaure


Innate Abilities, Weirdness & Mutations

Your body is rotting away.
You thrive on raw meat.
You are immune to poison.
You have sharp fingernails.
You are carnivorous and can eat meat at any time.
Your flesh is cold resistant. (rC+)
You are immune to negative energy. (rN+++)
You do not regenerate when monsters are visible.
You are immune to unholy pain and torment.
You can survive without breathing.


Message History

Things that are here:
a +0 trident; a +0 leather armour
There is a stone staircase leading up here.
Menkaure closely misses you. The jackal bites you. Menkaure closely misses you.
You climb upwards.
There is a stone staircase leading down here.
You claw Menkaure!
Menkaure is almost destroyed.
The jackal bites you but does no damage.
Menkaure hits you!
* * * LOW HITPOINT WARNING * * *
The jackal closely misses you.
You completely miss Menkaure.
Menkaure is almost destroyed.
The jackal bites you but does no damage.
Menkaure completely misses you.
You scratch Menkaure.
Menkaure is almost destroyed.
The jackal closely misses you. Menkaure hits you!
You die...

###### ######
##....###.@M.## #
##....^..##[h..## #
#.....##..##....# #
#....##....#....# #
#)[..#._...#)...#
#....##....#....#
#.....##..##...[# #
#........##.....#
#######.....###.....##


You could see Menkaure (fast) and a jackal.

Vanquished Creatures
  An ogre (D:4)
  2 orc wizards (D:3)
  Ijyb (D:3)
  Terence (D:2)
  A worker ant (D:4)
  4 adders
  3 oozes (D:3)
  A dart slug (D:1)
  3 worms
  4 leopard geckos
  15 orcs
  2 ball pythons
  7 bats
  6 giant cockroaches
  A goblin (D:1)
  4 hobgoblins
  A jackal (D:4)
  9 kobolds
  3 quokkas
  6 frilled lizards
  11 rats
86 creatures vanquished.

Notes
Turn   | Place    | Note
-------+----------+-------------------------------------------
     0 | D:1      | Gabide the Ghoul Monk began the quest for the Orb.
     0 | D:1      | Reached XP level 1. HP: 19/19 MP: 0/0
   234 | D:1      | Reached XP level 2. HP: 21/25 MP: 1/1
   860 | D:2      | Reached skill level 4 in Unarmed Combat
   860 | D:2      | Reached XP level 3. HP: 30/31 MP: 2/2
   941 | D:2      | Found a sacrificial altar of Ru.
  1161 | D:2      | Noticed Terence
  1174 | D:2      | Killed Terence
  1174 | D:2      | Reached XP level 4. HP: 38/38 MP: 3/3
  1486 | D:3      | Reached skill level 1 in Armour
  1486 | D:3      | Reached skill level 5 in Unarmed Combat
  1682 | D:3      | Reached XP level 5. HP: 41/45 MP: 4/4
  1741 | D:3      | Found a shadowy altar of Dithmenos.
  1895 | D:3      | Noticed Ijyb
  1923 | D:3      | Killed Ijyb
  1923 | D:3      | Reached skill level 1 in Throwing
  2419 | D:3      | Found a shimmering blue altar of Sif Muna.
  2659 | D:3      | Reached XP level 6. HP: 20/51 MP: 5/5
  3100 | D:4      | Reached skill level 6 in Unarmed Combat
  3214 | D:4      | Found a snail-covered altar of Cheibriados.
  3485 | D:4      | Noticed Menkaure
  3518 | D:3      | Slain by Menkaure

Illustrated notes

Levels and vault maps discovered:
D:1:      saegor_arrival_simple_e, layout_rooms, nrook_campfire
D:2:      layout_loops_ring, nicolae_ru_awakened_eye, uniq_terence
D:3:      layout_rooms, lemuel_blue_sif_altar, first_ration,
          nicolae_dithmenos_through_a_glass_darkly, uniq_ijyb
D:4:      layout_rooms, old_standard_altar, uniq_menkaure

Skill      XL: |  1  2  3  4  5  6 |
---------------+-------------------+-----
Dodging        | 3 |  3.3
Unarmed Combat | 4 5 6 |  6.3
Armour         | 1 2 |  2.2
Throwing       | 1 |  1.2
Fighting       | |  3.7
Stealth        | |  2.3

Action                   |  1- 3 |  4- 6 || total
-------------------------+-------+-------++-------
Melee: Unarmed           |    84 |   227 ||   311
       Punch             |     1 |     4 ||     5
Throw: Stone             |     3 |       ||     3
       Dart              |    15 |    21 ||    36
       Boomerang         |       |     9 ||     9
  Use: Scroll            |     3 |     4 ||     7
       Potion            |       |     1 ||     1
 Stab: Sleeping          |     1 |     1 ||     2
  Eat: Chunk             |     2 |     6 ||     8
       Ration            |       |     1 ||     1
Armor: Ring mail         |    20 |   101 ||   121
       Robe              |     1 |       ||     1
Dodge: Dodged            |    34 |   148 ||   182
